PBL
TAMPA BAY RAYS @ HOUSTON ASTROS
08/20/2070
 
TOP OF THE 1ST
Tampa Bay Rays batting - Pitching for Houston Astros : RHP António Velásquez
Pitching: RHP António Velásquez
Batting: RHB Ken Potter 0-0: Called Strike
0-1: Ball
1-1: Ground out 6-3 (Groundball, 6, EV 87.5 MPH)
Batting: LHB Manuel Gonzáles 0-0: Called Strike
0-1: SINGLE (Groundball, 4MD, EV 102.5 MPH) (infield hit)
Batting: RHB Tom Pike 0-0: Called Strike
0-1: Ball
1-1: SINGLE (Groundball, 4D, EV 108.8 MPH)
Manuel Gonzáles to second
Batting: RHB Jorge Baca 0-0: DOUBLE (Flyball, 89XD, EV 108.1 MPH)
Manuel Gonzáles scores
Tom Pike to third
Runner from 3rd tries for Home, SAFE, throw by CF to home
Batting: SHB Barry Huffman 0-0: Called Strike
0-1: Ball
1-1: Swinging Strike
1-2: Ball
2-2: Ground out U3 (Groundball, 34S, EV 104.4 MPH)
Jorge Baca to third
Batting: RHB Colt Keeling 0-0: Ball
1-0: Ball
2-0: Ball
3-0: Called Strike
3-1: Foul Ball, location: 9LMF
3-2: Strikes out looking
Top of the 1st over - 2 runs, 3 hits, 0 errors, 1 left on base; Tampa Bay 2 - Houston 0
BOTTOM OF THE 1ST
Houston Astros batting - Pitching for Tampa Bay Rays : RHP Claudio Maldonado
Pitching: RHP Claudio Maldonado
Batting: RHB Sukenobu Taneda 0-0: Ball
1-0: Ground out 4-3 (Groundball, 4M, EV 95.0 MPH)
Batting: LHB Emiel Vonhof 0-0: Swinging Strike
0-1: Called Strike
0-2: Ball
1-2: Foul Ball, location: 25FF
1-2: Foul Ball, location: 2F
1-2: Foul Ball, location: 2F
1-2: Ball
2-2: Ball
3-2: Base on Balls
Batting: RHB Jin Daikawa 0-0: Swinging Strike
0-1: Swinging Strike
0-2: Ball
Wild Pitch!
Emiel Vonhof to second
1-2: Foul Ball, location: 3F
1-2: Ball
2-2: Foul Ball, location: 3FF
2-2: Strikes out swinging
Batting: LHB Trevor Burt 0-0: Ball
1-0: Called Strike
1-1: Ground out 6-3 (Groundball, 6, EV 110.0 MPH)
Bottom of the 1st over - 0 runs, 0 hits, 0 errors, 1 left on base; Tampa Bay 2 - Houston 0
TOP OF THE 2ND
Tampa Bay Rays batting - Pitching for Houston Astros : RHP António Velásquez
Batting: LHB César García 0-0: SINGLE (Line Drive, 56D, EV 100.6 MPH)
Batting: RHB Armando Guillén 0-0: Foul Ball, location: 9LDF
0-1: Called Strike
0-2: Ball
1-2: Foul Ball, location: 3FF
1-2: Ball
2-2: Ball
3-2: Strikes out looking
César García steals 2nd base
Batter strikes out.
Batting: RHB Kenko Endo 0-0: Foul Ball, location: 2LF
0-1: Ball
1-1: Ball
2-1: Ball
3-1: Ground out 6-3 (Groundball, 6S, EV 88.8 MPH)
Batting: RHB Ken Potter 0-0: Fly out, F7 (Flyball, 7, EV 88.8 MPH)
Top of the 2nd over - 0 runs, 1 hit, 0 errors, 1 left on base; Tampa Bay 2 - Houston 0
BOTTOM OF THE 2ND
Houston Astros batting - Pitching for Tampa Bay Rays : RHP Claudio Maldonado
Batting: LHB Cal Dascenzo 0-0: Ball
1-0: Called Strike
1-1: Swinging Strike
1-2: Foul Ball, location: 9LMF
1-2: Foul Ball, location: 3SF
1-2: Strikes out swinging
Batting: RHB Benny Martin 0-0: Foul Ball, location: 2F
0-1: Called Strike
0-2: Ball
1-2: Strikes out looking
Batting: RHB Chris Martínez 0-0: Ball
1-0: Swinging Strike
1-1: Ball
2-1: Ball
3-1: Swinging Strike
3-2: Foul Ball, location: 2F
3-2: Strikes out swinging
Bottom of the 2nd over - 0 runs, 0 hits, 0 errors, 0 left on base; Tampa Bay 2 - Houston 0
TOP OF THE 3RD
Tampa Bay Rays batting - Pitching for Houston Astros : RHP António Velásquez
Batting: LHB Manuel Gonzáles 0-0: Called Strike
0-1: Swinging Strike
0-2: Foul Ball, location: 2F
0-2: Foul Ball, location: 3SF
0-2: Ball
1-2: Ball
2-2: Strikes out swinging
Batting: RHB Tom Pike 0-0: Foul Ball, location: 2F
0-1: Foul Ball, location: 7LMFF
0-2: Ball
1-2: Strikes out swinging
Batting: RHB Jorge Baca 0-0: Ball
1-0: Swinging Strike
1-1: Foul Ball, location: 3F
1-2: Strikes out looking
Top of the 3rd over - 0 runs, 0 hits, 0 errors, 0 left on base; Tampa Bay 2 - Houston 0
BOTTOM OF THE 3RD
Houston Astros batting - Pitching for Tampa Bay Rays : RHP Claudio Maldonado
Batting: SHB Shunji Kanno 0-0: Ball
1-0: Called Strike
1-1: Ground out 6-3 (Groundball, 6, EV 82.5 MPH)
Batting: RHB Tony Barrosa 0-0: Called Strike
0-1: Called Strike
0-2: SINGLE (Groundball, 6, EV 79.4 MPH) (infield hit)
Batting: RHB Sukenobu Taneda 0-0: Ball
1-0: Grounds into double play, 5-4-3 (Groundball, 56, EV 100.0 MPH)
Bottom of the 3rd over - 0 runs, 1 hit, 0 errors, 0 left on base; Tampa Bay 2 - Houston 0
TOP OF THE 4TH
Tampa Bay Rays batting - Pitching for Houston Astros : RHP António Velásquez
Batting: SHB Barry Huffman 0-0: Foul Ball, location: 2F
0-1: Foul Ball, location: 7LMF
0-2: Ball
1-2: Fly out, F8 (Flyball, 8LD, EV 98.8 MPH)
Batting: RHB Colt Keeling 0-0: Called Strike
0-1: Swinging Strike
0-2: Strikes out looking
Batting: LHB César García 0-0: Ball
1-0: SINGLE (Line Drive, 6MD, EV 99.4 MPH)
Batting: RHB Armando Guillén 0-0: Ground out 1-3 (Groundball, 15S, EV 70.6 MPH)
Top of the 4th over - 0 runs, 1 hit, 0 errors, 1 left on base; Tampa Bay 2 - Houston 0
BOTTOM OF THE 4TH
Houston Astros batting - Pitching for Tampa Bay Rays : RHP Claudio Maldonado
Batting: LHB Emiel Vonhof 0-0: Called Strike
0-1: SINGLE (Groundball, 6MD, EV 103.8 MPH)
Batting: RHB Jin Daikawa 0-0: Called Strike
0-1: Ball
1-1: Called Strike
1-2: Ball
2-2: Foul Ball, location: 2F
2-2: Ball
3-2: Strikes out swinging
Batting: LHB Trevor Burt 0-0: Ball
1-0: Ball
2-0: Swinging Strike
2-1: Foul Ball, location: 2F
2-2: Ball
3-2: Foul Ball, location: 7LMF
3-2: Fly out, F8 (Flyball, 8RD, EV 99.4 MPH)
Batting: LHB Cal Dascenzo 0-0: Ball
1-0: Called Strike
1-1: Foul Ball, location: 23F
1-2: Foul Ball, location: 2F
1-2: Strikes out swinging
Bottom of the 4th over - 0 runs, 1 hit, 0 errors, 1 left on base; Tampa Bay 2 - Houston 0
TOP OF THE 5TH
Tampa Bay Rays batting - Pitching for Houston Astros : RHP António Velásquez
Batting: RHB Kenko Endo 0-0: Called Strike
0-1: Swinging Strike
0-2: Foul Ball, location: 25F
0-2: Foul Ball, location: 7LMF
0-2: Foul Ball, location: 9LSF
0-2: Strikes out swinging
Batting: RHB Ken Potter 0-0: Ball
1-0: Ball
2-0: Called Strike
2-1: SINGLE (Groundball, 6MD, EV 96.9 MPH)
Batting: LHB Manuel Gonzáles 0-0: Ball
1-0: Foul Ball, location: 2F
1-1: Ball
Ken Potter steals 2nd base
2-1: Foul Ball, location: 7LSF
2-2: Ball
3-2: Foul Ball, location: 7LMF
3-2: SINGLE (Groundball, 6MD, EV 95.0 MPH)
Ken Potter to third
Runner from 3rd tries for Home, SAFE, throw by CF to home
Batting: RHB Tom Pike 0-0: Called Strike
0-1: Fly out, F9 (Line Drive, 9D, EV 93.1 MPH)
Batting: RHB Jorge Baca 0-0: Ball
1-0: Fly out, F8 (Flyball, 8LM, EV 93.8 MPH)
Top of the 5th over - 1 run, 2 hits, 0 errors, 1 left on base; Tampa Bay 3 - Houston 0
BOTTOM OF THE 5TH
Houston Astros batting - Pitching for Tampa Bay Rays : RHP Claudio Maldonado
Batting: RHB Benny Martin 0-0: Foul Ball, location: 9LDF
0-1: Called Strike
0-2: Foul Ball, location: 2F
0-2: Ball
1-2: Strikes out swinging
Batting: RHB Chris Martínez 0-0: Ball
1-0: Fly out, F7 (Flyball, 7LM, EV 76.3 MPH)
Batting: SHB Shunji Kanno 0-0: Ball
1-0: Called Strike
1-1: Ball
2-1: Called Strike
2-2: Ball
3-2: Fly out, F7 (Flyball, 7, EV 85.6 MPH)
Bottom of the 5th over - 0 runs, 0 hits, 0 errors, 0 left on base; Tampa Bay 3 - Houston 0
TOP OF THE 6TH
Tampa Bay Rays batting - Pitching for Houston Astros : RHP António Velásquez
Batting: SHB Barry Huffman 0-0: Ground out U3 (Groundball, 34, EV 88.1 MPH)
Batting: RHB Colt Keeling 0-0: Ground out 5-3 (Groundball, 56, EV 98.8 MPH)
Batting: LHB César García 0-0: Ball
1-0: Called Strike
1-1: Ball
2-1: SINGLE (Line Drive, 6D, EV 102.5 MPH)
Batting: RHB Armando Guillén 0-0: Called Strike
0-1: Ball
1-1: Ball
2-1: Fly out, F7 (Flyball, 78XD, EV 105.6 MPH)
Top of the 6th over - 0 runs, 1 hit, 0 errors, 1 left on base; Tampa Bay 3 - Houston 0
BOTTOM OF THE 6TH
Houston Astros batting - Pitching for Tampa Bay Rays : RHP Claudio Maldonado
Pitching: RHP Pete Myers
Batting: RHB Tony Barrosa 0-0: Ball
1-0: Ground out 2-3 (Groundball, 2L, EV 84.4 MPH)
Batting: RHB Sukenobu Taneda 0-0: Ball
1-0: Foul Ball, location: 25F
1-1: Ball
2-1: Swinging Strike
2-2: Foul Ball, location: 25F
2-2: Foul Ball, location: 3SF
2-2: DOUBLE (Groundball, 5L, EV 106.3 MPH)
Batting: LHB Emiel Vonhof 0-0: Called Strike
0-1: Ball
1-1: Ball
2-1: Fly out, F8 (Flyball, 8LS, EV 91.3 MPH)
Batting: RHB Jin Daikawa 0-0: Foul Ball, location: 23FF
0-1: SINGLE (Groundball, 4MD, EV 106.9 MPH)
Sukenobu Taneda to third
Runner from 3rd tries for Home, SAFE, throw by CF to home
Jin Daikawa to second
Batting: LHB Trevor Burt 0-0: Ball
1-0: Ball
2-0: Ball
3-0: Base on Balls
Batting: LHB Cal Dascenzo 0-0: Ball
1-0: Called Strike
1-1: Ball
2-1: SINGLE (Popup, 3D, EV 65.6 MPH)
Jin Daikawa to third
Trevor Burt to second
Runner from 3rd tries for Home, SAFE, throw by 1B to home
Pinch Hitting: LHB Santiago Guillén 0-0: Called Strike
0-1: Called Strike
0-2: Ball
1-2: Ball
2-2: Ball
3-2: Base on Balls
Trevor Burt to third
Cal Dascenzo to second
Pitching: RHP José Romano
Batting: RHB Chris Martínez 0-0: Swinging Strike
0-1: Ball
1-1: Ball
2-1: Foul Ball, location: 2F
2-2: Foul Ball, location: 9LDF
2-2: Strikes out swinging
Bottom of the 6th over - 2 runs, 3 hits, 0 errors, 3 left on base; Tampa Bay 3 - Houston 2
TOP OF THE 7TH
Tampa Bay Rays batting - Pitching for Houston Astros : RHP António Velásquez
Now at 3B: Santiago Guillén
Batting: RHB Kenko Endo 0-0: Called Strike
0-1: Swinging Strike
0-2: Ball
1-2: Strikes out swinging
Pitching: RHP Héctor Rivera
Batting: RHB Ken Potter 0-0: Ball
1-0: Called Strike
1-1: Foul Ball, location: 23F
1-2: Foul Ball, location: 25F
1-2: Fly out, F7 (Flyball, 7D, EV 78.8 MPH)
Batting: LHB Manuel Gonzáles 0-0: Ball
1-0: Ball
2-0: Swinging Strike
2-1: Ball
3-1: Foul Ball, location: 9LDF
3-2: Foul Ball, location: 3FF
3-2: Foul Ball, location: 2F
3-2: Base on Balls
Batting: RHB Tom Pike 0-0: Ball
1-0: DOUBLE (Line Drive, 89M, EV 97.5 MPH)
Manuel Gonzáles to third
Runner from 3rd tries for Home, SAFE, throw by CF to home
Batting: RHB Jorge Baca 0-0: Ball
1-0: Ball
2-0: Foul Ball, location: 2F
2-1: Ball
3-1: Called Strike
3-2: Base on Balls
Batting: SHB Barry Huffman 0-0: Swinging Strike
0-1: Called Strike
0-2: Strikes out swinging
Top of the 7th over - 1 run, 1 hit, 0 errors, 2 left on base; Tampa Bay 4 - Houston 2
BOTTOM OF THE 7TH
Houston Astros batting - Pitching for Tampa Bay Rays : RHP José Romano
Batting: SHB Shunji Kanno 0-0: Ball
1-0: Ball
2-0: Called Strike
2-1: Ball
3-1: Base on Balls
Batting: RHB Tony Barrosa 0-0: Called Strike
0-1: Called Strike
0-2: Strikes out looking
Batting: RHB Sukenobu Taneda 0-0: Called Strike
0-1: Ball
1-1: Called Strike
1-2: Foul Ball, location: 5F
1-2: Grounds into double play, 6-4-3 (Groundball, 6, EV 100.6 MPH)
Bottom of the 7th over - 0 runs, 0 hits, 0 errors, 0 left on base; Tampa Bay 4 - Houston 2
TOP OF THE 8TH
Tampa Bay Rays batting - Pitching for Houston Astros : RHP Héctor Rivera
Batting: RHB Colt Keeling 0-0: Ball
1-0: Ball
2-0: Swinging Strike
2-1: Ball
3-1: Ground out 4-3 (Groundball, 4, EV 88.1 MPH)
Batting: LHB César García 0-0: Swinging Strike
0-1: Foul Ball, location: 7LSF
0-2: Ball
1-2: Strikes out looking
Batting: RHB Armando Guillén 0-0: Called Strike
0-1: Foul Ball, location: 9LSF
0-2: Ball
1-2: Foul Ball, location: 9LMF
1-2: Strikes out looking
Top of the 8th over - 0 runs, 0 hits, 0 errors, 0 left on base; Tampa Bay 4 - Houston 2
BOTTOM OF THE 8TH
Houston Astros batting - Pitching for Tampa Bay Rays : RHP José Romano
Batting: LHB Emiel Vonhof 0-0: Ball
1-0: Ball
2-0: Ground out 2-3 (Groundball, 15S, EV 71.9 MPH)
Batting: RHB Jin Daikawa 0-0: Foul Ball, location: 7LMF
0-1: Foul Ball, location: 7LSF
0-2: Strikes out swinging
Pitching: LHP Paul Allis
Batting: LHB Trevor Burt 0-0: Ball
1-0: Foul Ball, location: 2F
1-1: Ball
2-1: Fly out, F7 (Line Drive, 7D, EV 88.8 MPH)
Bottom of the 8th over - 0 runs, 0 hits, 0 errors, 0 left on base; Tampa Bay 4 - Houston 2
TOP OF THE 9TH
Tampa Bay Rays batting - Pitching for Houston Astros : RHP Héctor Rivera
Pitching: RHP Emílio Chávez
Batting: RHB Kenko Endo 0-0: Ball
1-0: Foul Ball, location: 9LSF
1-1: Ball
2-1: Fly out, F4 (Popup, 4M, EV 60.0 MPH)
Batting: RHB Ken Potter 0-0: Ball
1-0: Called Strike
1-1: Swinging Strike
1-2: Strikes out swinging
Batting: LHB Manuel Gonzáles 0-0: Called Strike
0-1: Ball
1-1: SOLO HOME RUN (Line Drive, 9D, EV 98.1 MPH), Distance : 395 ft
Batting: RHB Tom Pike 0-0: Ball
1-0: Foul Ball, location: 25FF
1-1: Called Strike
1-2: Foul Ball, location: 3DF
1-2: Foul Ball, location: 23FF
1-2: Foul Ball, location: 2F
1-2: Strikes out swinging
Top of the 9th over - 1 run, 1 hit, 0 errors, 0 left on base; Tampa Bay 5 - Houston 2
BOTTOM OF THE 9TH
Houston Astros batting - Pitching for Tampa Bay Rays : LHP Paul Allis
Pitching: RHP Fernando Gutiérrez
Batting: LHB Cal Dascenzo 0-0: Ball
1-0: Ball
2-0: Swinging Strike
2-1: Foul Ball, location: 2F
2-2: Strikes out swinging
Batting: LHB Santiago Guillén 0-0: Fly out, F8 (Flyball, 89M, EV 75.0 MPH)
Batting: RHB Chris Martínez 0-0: Ball
1-0: Called Strike
1-1: Ground out 6-3 (Groundball, 6, EV 84.4 MPH)
Bottom of the 9th over - 0 runs, 0 hits, 0 errors, 0 left on base; Tampa Bay 5 - Houston 2
Saturday, February 10th , 2024 - OOTP Baseball 24.10 Build 82